 Dungeon Crawl Stone Soup version 0.16.2-2-g470672f (webtiles) character file.

177 monobi the Ducker (level 5, -1/38 HPs)
             Began as a Demonspawn Gladiator on Sept 3, 2015.
             Slain by an adder (3 damage)
             ... on level 2 of the Dungeon.
             The game lasted 00:09:15 (3263 turns).

monobi the Ducker (Demonspawn Gladiator)            Turns: 3263, Time: 00:09:15

Health: -1/38      AC:  9    Str: 16    XL:     5   Next: 30%
Magic:  5/5        EV:  7    Int: 10    God:
Gold:   152        SH:  3    Dex: 13    Spells: 0 memorised, 4 levels left

rFire  . . .     SeeInvis .     a - +0 trident
rCold  . . .     Clarity  .     j - +0 chain mail
rNeg   . . .     SustAb   .     y - +0 buckler
rPois  .         Gourm    .     c - +0 helmet
rElec  .         Spirit   .     (no cloak)
rCorr  .         Warding  .     (no gloves)
rMut   .         Stasis   .     (no boots)
MR     .....                    (no amulet)
Stlth  ..........               (no ring)
                                (no ring)

@: lethally poisoned (-1 -> -11), not resistant to hostile enchantments,
extremely unstealthy
A: hooves 2
a: no special abilities


You were on level 2 of the Dungeon.
You were not hungry.

You visited 1 branch of the dungeon, and saw 3 of its levels.

You collected 152 gold pieces.

Inventory:

Hand weapons
 a - a +0 trident (weapon)
 m - a +0 club
 A - a +1 rapier of venom
Missiles
 d - 3 throwing nets (quivered)
Armour
 c - a +0 helmet (worn)
 j - a +0 chain mail (worn)
 y - a +0 buckler (worn)
Scrolls
 e - 3 scrolls of identify {unknown}
 l - a scroll of magic mapping {unknown}
 o - a scroll of remove curse {unknown}
 p - a scroll of enchant weapon {unknown}
 r - a scroll of teleportation {unknown}
 s - a scroll of amnesia {unknown}
 t - a scroll of blinking {unknown}
 w - 2 scrolls of recharging {unknown}
 x - a scroll of random uselessness {unknown}
 z - a scroll of fog {unknown}
Potions
 b - a potion of ambrosia {unknown}
 h - a potion of brilliance {unknown}
 n - a potion of curing {unknown}
 v - a potion of agility
Books
 k - a book of Death

   Spells                             Type                      Level
   a - Corpse Rot                     Necromancy                   2
   b - Sublimation of Blood           Necromancy                   2
   c - Agony                          Necromancy                   5
   d - Dispel Undead                  Necromancy                   5
   e - Excruciating Wounds            Charms/Necromancy            5
   f - Bolt of Draining               Conjuration/Necromancy       5
Comestibles
 f - 3 bread rations
 g - a chunk of flesh


   Skills:
 + Level 2.2 Fighting
 + Level 3.6 Polearms
 + Level 2.2 Throwing
 + Level 1.6 Armour
 + Level 3.9 Dodging
 + Level 1.1 Stealth


You had 4 spell levels left.
You didn't know any spells.

Dungeon Overview and Level Annotations

Branches:
Dungeon (3/15)

Altars:
Gozag
Kikubaaqudgha
Qazlal

Shops:
D:2 *

Annotations:
D:3 monobi's ghost, average DsGl


Innate Abilities, Weirdness & Mutations

You have hoof-like feet.


Message History

The adder is severely wounded.
* * * LOW HITPOINT WARNING * * *
You feel sick. The adder bites you but does no damage.
The adder bites you but does no damage.
You hit the adder. Your kick misses the adder.
The adder is almost dead.
* * * LOW HITPOINT WARNING * * *
You feel sick. The adder bites you.
* * * LOW HITPOINT WARNING * * *
You are more poisoned.
The adder poisons you! You block the adder's attack.
Your chain mail prevents you from hitting the adder.
The adder is almost dead.
* * * LOW HITPOINT WARNING * * *
You feel sick. The adder bites you but does no damage.
You completely miss the adder.
The adder is almost dead.
* * * LOW HITPOINT WARNING * * *
You feel sick. The adder bites you.
You die...

...##### ############# #.####.
...# #...... ...# ########
...################# #.....#
...........##......##### #.....#
###..)..(..##..........# #.....#
#......(.##......รท...###.....##
#........#####.................
#............S@................
###........###########...........
.......#.### #...........
######.#.# #..........#
#......#.# ###### #..........#
#......#.# #....###).........#
#......#.# #.................#
#........# #............<..###
#..########## #...............#


You could see an adder.

Vanquished Creatures
  A worker ant (D:3)
  Ijyb (D:1)
  5 adders
  2 giant mites
  4 worms
  A giant gecko (D:3)
  An ooze (D:2)
  12 bats
  5 giant cockroaches
  6 goblins
  3 hobgoblins
  2 jackals (D:3)
  5 kobolds
  A quokka (D:3)
  A ball python (D:1)
  A giant newt (D:2)
  8 rats
59 creatures vanquished.

Notes
Turn   | Place    | Note
--------------------------------------------------------------
     0 | D:1      | monobi, the Demonspawn Gladiator, began the quest for the Orb.
     0 | D:1      | Reached XP level 1. HP: 16/16 MP: 1/1
    51 | D:1      | Reached skill level 3 in Dodging
    51 | D:1      | Gained mutation: You have large cloven feet. [demonic ancestry]
    51 | D:1      | Reached XP level 2. HP: 22/22 MP: 2/2
   464 | D:1      | Reached XP level 3. HP: 3/27 MP: 3/3
   932 | D:2      | Noticed Ijyb
   964 | D:1      | Killed Ijyb
   991 | D:2      | Gained mutation: You have hoof-like feet. [demonic ancestry]
   991 | D:2      | Reached XP level 4. HP: 14/33 MP: 4/4
  1002 | D:1      | Reached skill level 1 in Armour
  1644 | D:2      | Found an opulent altar of Gozag.
  1647 | D:2      | Found Gozag's Platinum Reserve.
  1969 | D:3      | Found a stormy altar of Qazlal.
  2009 | D:3      | Reached XP level 5. HP: 33/38 MP: 5/5
  2052 | D:3      | Found an ancient bone altar of Kikubaaqudgha.
  2117 | D:3      | Reached skill level 1 in Stealth
  2231 | D:3      | Noticed monobi's ghost (average DsGl)
  3263 | D:2      | Slain by an adder

Action                   |  1- 3 |  4- 6 || total
-------------------------+-------+-------++-------
Melee: Trident           |   101 |   218 ||   319
Throw: Throwing net      |     1 |       ||     1
  Use: Potion            |     1 |     3 ||     4
 Stab: Held in net/web   |     2 |       ||     2
  Eat: Chunk             |       |     2 ||     2
       Beef jerky        |       |     1 ||     1
       Bread ration      |       |     1 ||     1
       Royal jelly       |       |     1 ||     1
